 Dungeon Crawl Stone Soup version 0.23.1 (webtiles) character file.

Game seed: 5205695195396650170

11640 PentaManta the Nimble (level 12, -1/75 HPs)
             Began as a Kobold Hunter on Mar 19, 2019.
             Was a High Priest of Okawaru.
             Slain by an orc knight
             ... wielding a +0 war axe
              (34 damage)
             ... in a bailey.
             The game lasted 01:06:44 (17637 turns).

PentaManta the Nimble (Kobold Hunter)              Turns: 17637, Time: 01:06:44

Health: -1/75      AC: 10    Str: 22    XL:     12   Next: 10%
Magic:  6/12       EV: 22    Int: 17    God:    Okawaru [*****.]
Gold:   74         SH:  0    Dex: 16    Spells: 11/11 levels left

rFire    + . .     SeeInvis .   A - +4 dagger (venom)
rCold    . . .     Gourm    .   (shield restricted)
rNeg     . . .     Faith    .   s - +2 ring mail {rF+}
rPois    +         Spirit   .   (no helmet)
rElec    .         Reflect  .   o - +0 cloak
rCorr    +         Harm     .   (no gloves)
MR       +....                  (no boots)
Stlth    ++++......             (no amulet)
HPRegen  0.22/turn              I - ring of protection from magic
MPRegen  0.13/turn              k - ring "Mofaklie" {rCorr rPois Str+4 Int+4}

@: mighty
A: small, carnivore
a: Heroism, Finesse, Renounce Religion


You were in a bailey.
You worshipped Okawaru.
Okawaru was extremely pleased with you.
You were not hungry.

You visited 2 branches of the dungeon, and saw 13 of its levels.
You also visited: Bailey.

You collected 606 gold pieces.
You spent 532 gold pieces at shops.

Inventory:

Hand Weapons
 a - a +1 hand crossbow
 p - a +0 blowgun
 A - a +4 dagger of venom (weapon)
Missiles
 e - 3 bolts
 q - 64 poisoned needles
 r - 4 curare-tipped needles
 v - 8 needles of confusion
Armour
 d - a +1 plate armour
 o - a +0 cloak (worn)
 s - a +2 ring mail of fire resistance (worn)
Jewellery
 k - the ring "Mofaklie" (right hand) {rCorr rPois Str+4 Int+4}
   (You acquired it on level 10 of the Dungeon)

   [ring of resist corrosion]

   It affects your strength (+4).
   It affects your intelligence (+4).
   It protects you from poison.
 l - an uncursed ring of flight
 I - a ring of protection from magic (left hand)
Wands
 c - a wand of random effects (16)
 g - a wand of flame (11)
 E - a wand of paralysis (5)
Scrolls
 m - 3 scrolls of teleportation
 w - 4 scrolls of remove curse
 x - 4 scrolls of enchant armour
 y - 2 scrolls of amnesia
 z - 2 scrolls of magic mapping
 C - 4 scrolls of fear
 D - 3 scrolls of blinking
Potions
 b - 3 potions of might
 h - 3 potions of flight
 i - 3 potions of lignification
 j - 3 potions of mutation
 n - 4 potions of agility {unknown}
 t - a potion of curing
 F - 2 potions of berserk rage {unknown}
 H - 2 potions of haste {unknown}
Comestibles
 f - 16 rations


   Skills:
 + Level 8.6 Fighting
 - Level 10.8 Crossbows
 * Level 7.4 Armour
 + Level 11.4 Dodging
 - Level 10.0 Stealth


You had 11 spell levels left.
You didn't know any spells.
Your spell library contained the following spells:

 Spells                   Type           Power        Failure   Level  Hunger
 Magic Dart               Conj           #...         34%         1    ##.....
 Blink                    Tloc           N/A          47%         2    ###....
 Call Imp                 Summ           #.......     47%         2    ###....
 Slow                     Hex            #.......     47%         2    ###....
 Conjure Flame            Conj/Fire      #.......     71%         3    ####...
 Mephitic Cloud           Conj/Pois/Air  #.......     71%         3    ####...


Dungeon Overview and Level Annotations

Branches:
Dungeon (12/15)            Temple (1/1) D:7            Lair (0/6) D:10
    Orc (0/2) D:11

Altars:
Ashenzari
Cheibriados
Dithmenos
Elyvilon
Fedhas
Gozag
Hepliaklqana
Kikubaaqudgha
Makhleb
Nemelex Xobeh
Okawaru
Qazlal
Ru
Sif Muna
Trog
Uskayaw
Vehumet
Wu Jian
Xom
Yredelemnul
Zin
The Shining One
Beogh
Lugonu

Shops:
D:8 ?   D:10 !

Annotations:
D:6 2 transporters, exclusion: downstairs


Innate Abilities, Weirdness & Mutations

You are small and have problems with some larger weapons.
You are carnivorous and can eat meat at any time.


Message History

You hit the orc knight but do no damage.
The orc knight is severely wounded.
The orc warrior no longer looks unusually strong. x2
The orc knight hits you with a +0 war axe!!
* * * LOW HITPOINT WARNING * * *
You feel much better.
The orc knight roars a battlecry!
The orc warriors go into a battle-frenzy!
The orc knight hits you with a +0 war axe.
Evoke which item? (* to show all) (? for menu, Esc to quit)
Aiming: Paralyse
Press: ? - help, Shift-Dir - straight line, f - orc knight
Aim: an orc knight, wielding a +0 battleaxe and wearing a +0 ring mail (severely wounded, unusually strong, poisoned, chance to defeat MR: 28%)
Okay, then.
Evoke which item? (* to show all) (? for menu, Esc to quit)
Okay, then.
You feel very mighty all of a sudden.
You feel like a meek peon again. The orc knight completely misses you.
The orc knight hits you with a +0 war axe!!
You die...

### ##8##
##.=.##
#8^.^8#
##@o.## ##o##
#∩.KK≈o≈...∩#
#'###≈g≈###'#


K≈g≈K ##≈g≈## K≈g≈K #≈o≈# K≈.≈K You could see 2 orc knights, 2 orc warriors, a
gnoll, 3 hobgoblins and 2 kobolds.

Vanquished Creatures
  2 two-headed ogres
  An unseen horror (D:10)
  A komodo dragon (D:10)
  A troll (D:11)
  A merfolk (D:9)
  Grinder (D:6)
  A hippogriff (D:10)
  2 hornets
  Sigmund (D:2)
  2 wraiths (D:10)
  Eustachio (D:6)
  8 yaks
  3 hungry ghosts
  A steam dragon (D:12)
  An acid dragon (D:11)
  A soldier ant (D:11)
  Edmund (D:6)
  3 water moccasins (D:12)
  A black bear (D:7)
  A necrophage (D:8)
  An ice beast (D:5)
  3 sky beasts
  3 eyes of draining
  3 orc warriors
  A hornet zombie (D:11)
  2 phantoms
  4 centaurs
  9 ogres
  A big kobold (D:11)
  5 bullfrogs
  A gnoll sergeant (D:7)
  2 water moccasin zombies
  2 scorpions
  5 killer bees (D:9)
  3 wights (D:7)
  6 howler monkeys
  4 crimson imps
  2 quasits
  11 orc wizards
  A gnoll shaman (D:5)
  7 hounds
  2 jellies
  A bullfrog skeleton (D:6)
  A centaur skeleton (D:10)
  11 orc priests
  3 iguanas
  4 worker ants
  A statue (D:5)
  A hound zombie (D:7)
  A hound skeleton (D:11)
  A worker ant zombie (D:6)
  18 gnolls
  14 adders
  2 shadow imps
  2 oozes
  An adder zombie (D:6)
  3 worms
  A dart slug (D:4)
  4 leopard geckos
  49 orcs
  A ball python (D:3)
  4 giant cockroaches
  13 goblins
  5 hobgoblins
  6 jackals
  12 kobolds
  5 bats
  7 frilled lizards
  2 jackal zombies
  7 rats
292 creatures vanquished.

Vanquished Creatures (others)
  A gnoll (D:5)
  3 plants (D:10)
4 creatures vanquished.

Grand Total: 296 creatures vanquished

Notes
Turn   | Place    | Note
-------+----------+-------------------------------------------
     0 | D:1      | PentaManta the Kobold Hunter began the quest for the Orb.
     0 | D:1      | Reached XP level 1. HP: 12/12 MP: 1/1
   101 | D:1      | Reached skill level 5 in Crossbows
   123 | D:1      | Reached XP level 2. HP: 18/18 MP: 2/2
   581 | D:1      | Reached XP level 3. HP: 23/23 MP: 3/3
   858 | D:2      | Noticed Sigmund
   863 | D:2      | Killed Sigmund
   863 | D:2      | Reached XP level 4. HP: 23/30 MP: 4/4
   863 | D:2      | Reached XP level 5. HP: 26/34 MP: 5/5
   863 | D:2      | Reached XP level 6. HP: 30/39 MP: 6/6
  1028 | D:2      | Found a hazy altar of Hepliaklqana.
  1029 | D:2      | Found a shimmering altar of Xom.
  1029 | D:2      | Noticed a boggart
  1030 | D:2      | Noticed a spectral ugly thing
  1030 | D:2      | Noticed a boggart
  1216 | D:3      | Reached skill level 5 in Fighting
  1956 | D:3      | Found a hide-covered altar of Uskayaw.
  2811 | D:4      | Reached XP level 7. HP: 44/44 MP: 7/7
  3287 | D:4      | Reached skill level 3 in Dodging
  3501 | D:4      | Reached skill level 4 in Dodging
  3501 | D:4      | Reached XP level 8. HP: 10/51 MP: 8/8
  4167 | D:5      | Entered Level 5 of the Dungeon
  4405 | D:5      | Found a white marble altar of Elyvilon.
  4552 | D:5      | Found a radiant altar of Vehumet.
  4558 | D:5      | Reached skill level 5 in Dodging
  5037 | D:5      | Found a shattered altar of Ashenzari.
  5224 | D:5      | Reached skill level 6 in Dodging
  5259 | D:6      | Found a transporter.
  5293 | D:6      | Reached skill level 10 in Crossbows
  5293 | D:6      | Reached XP level 9. HP: 30/55 MP: 9/9
  5552 | D:6      | Reached skill level 7 in Dodging
  5575 | D:6      | Found a sacrificial altar of Ru.
  5604 | D:6      | Found an opulent altar of Gozag.
  5676 | D:6      | Noticed Grinder
  5703 | D:6      | Paralysed by Grinder for 5 turns
  5726 | D:6      | Paralysed by Grinder for 4 turns
  5728 | D:6      | Killed Grinder
  5841 | D:6      | Noticed Edmund
  6335 | D:6      | Noticed Eustachio
  6342 | D:6      | Killed Eustachio
  6342 | D:6      | Reached skill level 8 in Dodging
  6373 | D:6      | Found a shadowy altar of Dithmenos.
  6373 | D:6      | Found a snail-covered altar of Cheibriados.
  6425 | D:6      | Found a bloodstained altar of Trog.
  6660 | D:6      | Found a transporter.
  7034 | D:6      | Killed Edmund
  7690 | D:7      | Found an ancient bone altar of Kikubaaqudgha.
  7710 | D:7      | Found a glowing golden altar of the Shining One.
  7846 | D:7      | Found a staircase to the Ecumenical Temple.
  7856 | Temple   | Entered the Ecumenical Temple
  7865 | Temple   | Reached skill level 9 in Dodging
  8097 | Temple   | Became a worshipper of Warmaster Okawaru
  8180 | D:7      | Reached XP level 10. HP: 55/63 MP: 10/10
  8241 | D:7      | Noticed a two-headed ogre
  9636 | D:7      | Killed a two-headed ogre
  9636 | D:7      | Reached * piety under Okawaru
  9636 | D:7      | Reached skill level 10 in Dodging
  9636 | D:7      | Reached skill level 5 in Stealth
 10227 | D:7      | Reached skill level 1 in Armour
 10646 | D:8      | Reached ** piety under Okawaru
 11034 | D:8      | Found a deep blue altar of Sif Muna.
 11544 | D:8      | Got a twitching iron ring
 11688 | D:8      | Found Akikaivi's Magic Scroll Emporium.
 11691 | D:8      | Bought 3 scrolls of fear for 136 gold pieces
 11691 | D:8      | Bought a scroll of teleportation for 39 gold pieces
 11691 | D:8      | Bought a scroll of blinking for 97 gold pieces
 11691 | D:8      | Bought a scroll of teleportation for 39 gold pieces
 11691 | D:8      | Bought a scroll of magic mapping for 45 gold pieces
 11694 | D:8      | Identified the cursed ring of Vehumet's Anger {EV-3 Str+4
                  | Int+4} (You found it on level 8 of the Dungeon)
 12345 | D:9      | Reached XP level 11. HP: 66/66 MP: 11/11
 12358 | D:9      | Reached *** piety under Okawaru
 12582 | D:9      | Received a gift from Okawaru
 12845 | D:9      | Reached skill level 5 in Armour
 13275 | D:10     | Entered Level 10 of the Dungeon
 13403 | D:10     | Found a staircase to the Lair.
 13709 | D:10     | Paralysed by a hornet for 3 turns
 13717 | D:10     | Reached skill level 11 in Dodging
 13977 | D:10     | Identified a scroll of acquirement
 13978 | D:10     | Got a wavering bronze ring
 13980 | D:10     | Identified the ring "Mofaklie" {rCorr rPois Str+4 Int+4}
                  | (You acquired it on level 10 of the Dungeon)
 14090 | D:10     | Reached **** piety under Okawaru
 14352 | D:10     | Killed an unseen horror
 14961 | D:10     | Found Avosusef's Distillery.
 14983 | D:10     | Bought a potion of curing for 48 gold pieces
 14983 | D:10     | Bought a potion of heal wounds for 80 gold pieces
 14983 | D:10     | Bought a potion of curing for 48 gold pieces
 15469 | D:11     | Noticed a two-headed ogre
 15481 | D:11     | Killed a two-headed ogre
 15629 | D:11     | Found a staircase to the Orcish Mines.
 15634 | D:11     | Reached ***** piety under Okawaru
 15969 | D:11     | Found a roughly hewn altar of Beogh.
 16180 | D:11     | Reached skill level 10 in Stealth
 16373 | D:11     | Reached XP level 12. HP: 42/75 MP: 12/12
 17190 | D:12     | Received a gift from Okawaru
 17190 | D:12     | Noticed a death knight
 17381 | D:12     | Found a flagged portal.
 17444 | Bailey   | Entered a bailey
 17637 | Bailey   | Slain by an orc knight

Skill      XL: |  1  2  3  4  5  6  7  8  9 10 11 |
---------------+----------------------------------+-----
Crossbows      | 5 6 7 8 10 | 10.8
Fighting       | 3 4 5 6 7 8 |  8.6
Dodging        | 4 6 9 10 11 | 11.4
Stealth        | 3 7 10 | 10.0
Armour         | 3 7 |  7.4

Action                   |  1- 3 |  4- 6 |  7- 9 | 10-12 || total
-------------------------+-------+-------+-------+-------++-------
Melee: Hand crossbow     |       |     1 |       |     2 ||     3
       Dagger            |       |       |    75 |   392 ||   467
 Fire: Hand crossbow     |    51 |   129 |   282 |   340 ||   802
       Blowgun           |       |       |    11 |    63 ||    74
Throw: Throwing net      |       |       |       |     6 ||     6
Invok: Heroism           |       |       |       |     2 ||     2
       Finesse           |       |       |       |     1 ||     1
 Abil: Evoke Flight      |       |       |       |     1 ||     1
Evoke: Wand              |       |       |       |    20 ||    20
  Use: Scroll            |       |     5 |     9 |     9 ||    23
       Potion            |       |       |     5 |    11 ||    16
 Stab: Sleeping          |       |       |     1 |     5 ||     6
       Paralysed         |       |       |       |     5 ||     5
       Held in net/web   |       |       |       |     1 ||     1
  Eat: Chunk             |     6 |     5 |     7 |    28 ||    46
       Ration            |       |       |     4 |     3 ||     7
Armor: Leather armour    |     2 |    19 |    15 |       ||    36
       Robe              |       |       |     6 |    11 ||    17
       Ring mail         |       |       |       |    82 ||    82
       Skin              |       |       |       |     7 ||     7
Dodge: Dodged            |     2 |    62 |   141 |   592 ||   797
